Get step-by-step instructions on how to execute this build order below. Start the game timer, and the build order will tick by so you can play in parallel with StarCraft on a second screen or mobile device.

Game Time

  0:00

Last Step

  N/A

Next Step

Upcoming Step



Don't want to look back and forth between 2 screens? Try out our Overwolf App, the Spawning Tool Build Advisor to get an in-game overlay with this build!

Complete Build Order

  8  0:00  Probe (Chrono Boost)  
  9  0:12  Probe (Chrono Boost)  
  10  0:20  Probe (Chrono Boost)  
  11  0:26  Probe  
  12  0:33  Pylon  
  12  0:38  Probe  
  13  0:51  Probe  
  13  0:57  Gateway  
  14  1:03  Probe (Chrono Boost)  
  15  1:12  Probe (Chrono Boost)  
  15  1:14  Assimilator  
  15  1:17  Probe (Chrono Boost)  
  17  1:29  Probe  
  18  1:41  Probe  
  19  1:50  Nexus  
  19  2:01  Cybernetics Core  
  19  2:04  Probe  
  20  2:13  Pylon  
  20  2:16  Assimilator  
  20  2:20  Probe  
  20  2:32  Probe  
  20  2:34  Adept (Chrono Boost)  
  21  2:44  Probe  
  24  2:49  Stargate  
  24  2:56  Probe  
  24  2:57  Adept (Chrono Boost)  
  25  3:02  Probe  
  25  3:05  Warp Gate  
  28  3:08  Probe  
  29  3:14  Probe  
  30  3:20  Probe  
  30  3:22  Adept  
  30  3:26  Probe  
  34  3:32  Probe  
  34  3:33  Void Ray (Chrono Boost)  
  35  3:38  Probe  
  40  3:42  Pylon  
  40  3:45  Probe  
  41  3:50  Probe  
  42  4:00  Probe  
  42  4:02  Gateway  
  43  4:03  Probe  
  44  4:12  Probe  
  44  4:16  Probe  
  46  4:26  Probe, Nexus  
  46  4:30  Pylon  
  47  4:33  Probe  
  47  4:36  Forge  
  47  4:37  Twilight Council  
  48  4:39  Probe  
  49  4:47  Gateway  
  49  4:49  Gateway  
  49  5:01  Protoss Ground Weapons Level 1 (Chrono Boost), Shield Battery  
  49  5:05  Gateway  
  49  5:10  Gateway  
  49  5:15  Adept x2  
  49  5:18  Probe  
  52  5:23  Probe  
  47  5:30  Probe  
  47  5:34  Charge (Chrono Boost)  
  46  5:37  Pylon  
  46  5:38  Adept x2  
  46  5:39  Probe  
  41  5:43  Probe  
  41  5:46  Zealot x2  
  46  5:51  Probe  
  46  5:55  Probe  
  45  5:58  Zealot  
  45  5:59  Zealot  
  45  6:00  Probe  
  45  6:03  Zealot  
  52  6:06  Zealot  
  52  6:09  Zealot  
  56  6:15  Zealot  
  58  6:21  Adept  
  58  6:22  Probe (Chrono Boost)  
  61  6:32  Zealot, Probe (Chrono Boost)  
  64  6:41  Pylon  
  64  6:42  Pylon  
  63  6:50  Zealot x4  
  63  6:53  Pylon  
  65  7:02  Zealot x2  
  65  7:06  Pylon  
  69  7:14  Zealot x3  
  65  7:31  Zealot x2